 Dungeon Crawl Stone Soup version 0.31-a0-435-g2c6fae2916 (webtiles) character file.

Game seed: 14067309054341545671

166 lunkers the Insei (level 6, -11/47 HPs)
             Began as a Meteoran Shapeshifter on Aug 1, 2023.
             Mangled by an ogre
             ... wielding a +0 giant spiked club
              (32 damage)
             ... on level 4 of the Dungeon.
             The game lasted 00:01:32 (1049 turns).

lunkers the Insei (Meteoran Shapeshifter)           Turns: 1049, Time: 00:01:33

Health: -11/47     AC:  5    Str: 16    XL:     6   Next: 5%
Magic:  7/7        EV: 11    Int: 10    God:
Gold:   101        SH:  0    Dex: 17    Spells: 5/5 levels left

rFire   . .          .
                       - Unarmed
rCold   . . .        (no shield)
rNeg    . . .        h - +0 ring mail
rPois   .            (helmet currently unavailable)
rElec   .            (cloak currently unavailable)
rCorr   .            (gloves currently unavailable)
SInv    .            (boots currently unavailable)
Will    .....        (no amulet)
Stlth   +            d - ring of flight
HPRegen 0.27/turn    (no ring)
MPRegen 0.10/turn

%: no passive effects
@: beast-form, flying, glowing
A: beast (slay +3), sense surroundings 1, otherworldly, glowing, explore regen
a: Begin Untransformation


You were on level 4 of the Dungeon.
You were a hulking beast.
You visited 1 branch of the dungeon, and saw 4 of its levels.

You collected 101 gold pieces.

Inventory:

Armour
 e - a +0 cloak
 h - a +0 ring mail (worn)
 i - a +0 pair of boots
Jewellery
 d - a ring of flight (left hand)
Talismans
 c - a beast talisman (active)
Scrolls
 f - 2 scrolls of identify
 g - 5 scrolls of teleportation
Potions
 a - a potion of heal wounds {unknown}
 b - 2 potions of lignification
 j - a potion of magic {unknown}


   Skills:
 - Level 1.1 Fighting
 - Level 2.4 Dodging
 * Level 6.2 Unarmed Combat
 + Level 4.7 Shapeshifting


You had 5 spell levels left.
You didn't know any spells.
Your spell library was empty.

Dungeon Overview and Level Annotations

Branches:
Dungeon (4/15) Zot: 1361
 Temple: D:4-7

Altars:


Innate Abilities, Weirdness & Mutations

You are a hulking beast.
Your limbs bulge with bestial killing power. (Slay +3)
You passively map a small area around you.
You are easily found by Zot.
You glow in the dark.
You regain HP and MP as you explore.


Message History

The hobgoblin shouts!
There is an open door here.
A hobgoblin is nearby!
A hobgoblin comes into view.
The hobgoblin hits you but does no damage.
The hobgoblin shouts!
You hit the hobgoblin.
You kill the hobgoblin!
The hobgoblin hits you.
You punch the hobgoblin!
You kill the hobgoblin!
No target in view!
No target in view!
Found a flail.
No target in view!
No target in view!
No target in view!
No target in view!
No target in view!
No target in view!
An ogre comes into view. It is wielding a +0 giant spiked club.
The ogre shouts!
You hear a shout! x3
You hit the ogre.
The ogre is lightly wounded.
The ogre misses you.
You punch the ogre!
The ogre is heavily wounded.
You barely miss the ogre.
The ogre is heavily wounded.
The ogre hits you with a +0 giant spiked club!!
Ouch! That really hurt!
* * * LOW HITPOINT WARNING * * *
A kobold comes into view. It is wielding a +0 whip.
The kobold shouts!
You hear a shout!
You punch the ogre!
The ogre is almost dead.
You hear a shout!
The ogre hits you with a +0 giant spiked club!!
Ouch! That really hurt!
You die...

#.#### ##...## *
#.# ##'## #.# #.#
#.# #.# #.# ##.##
#.# ##...## #.#
#######)....# #.#
#...##.....#*
#.####.#.....h..#
#........##.##O.#*
###########.#*.##,
, #.. .K* ####...
* .##P , .# PP *
.#


,PP , , * * ** You could see an ogre and a kobold.

Vanquished Creatures
  A hound (D:4)
  An orc priest (D:4)
  An orc wizard (D:4)
  3 adders
  An ufetubus (D:3)
  A dart slug (D:3)
  3 orcs (D:4)
  3 ball pythons
  4 bats
  4 endoplasms
  3 giant cockroaches
  2 goblins (D:1)
  6 hobgoblins
  3 jackals (D:1)
  3 kobolds
  2 quokkas
  3 rats
44 creatures vanquished.

Notes
Turn   | Place    | Note
-------+----------+-------------------------------------------
     0 | D:1      | lunkers the Meteoran Shapeshifter began the quest for the
                  | Orb.
     0 | D:1      | Reached XP level 1. HP: 16/16 MP: 2/2
    53 | D:1      | Reached XP level 2. HP: 23/23 MP: 3/3
    60 | D:1      | Reached skill level 4 in Unarmed Combat
   103 | D:1      | Reached XP level 3. HP: 21/28 MP: 4/4
   431 | D:3      | Reached skill level 5 in Unarmed Combat
   431 | D:3      | Reached XP level 4. HP: 16/35 MP: 5/5
   926 | D:4      | Reached XP level 5. HP: 32/40 MP: 6/6
   964 | D:4      | Reached skill level 6 in Unarmed Combat
   977 | D:4      | Reached XP level 6. HP: 41/47 MP: 7/7
  1044 | D:4      | Noticed an ogre
  1049 | D:4      | Mangled by an ogre

Illustrated notes

Levels and vault maps discovered:
D:1:      dpeg_arrival_stone_temple_mockup, layout_rooms,
          shapermc_ecumenical_altar_hornbeckon, minmay_misc_feat_columns,
          minmay_misc_feat_nine_boxes
D:2:      layout_basic
D:3:      layout_loops_cross, uniq_crazy_yiuf_cottage
D:4:      layout_loops_corners, lexackson_kobold_supper

Skill      XL: |  1  2  3  4  5 |
---------------+----------------+-----
Unarmed Combat | 4 5 6 |  6.2
Shapeshifting  | 4 |  4.7
Fighting       | |  1.1
Dodging        | |  2.4

Action                     |  1- 3 |  4- 6 || total
---------------------------+-------+-------++-------
  Melee: Unarmed           |    55 |    50 ||   105
         Punch             |       |     4 ||     4
    Use: Scroll            |       |     2 ||     2
 Armour: Animal skin       |    13 |     2 ||    15
         Ring mail         |       |    12 ||    12
  Dodge: Dodged            |    32 |    13 ||    45

Table legend: (Time is in decaauts)
 A = Elapsed time spent in this place.
 B = Non-inter-level travel time spent in this place.
 C = Inter-level travel time spent in this place.
 D = Time resting spent in this place.
 E = Time spent auto-exploring this place.
 F = Levels seen in this place.
 G = Mean time per level.
                   A        B        C        D        E       F      G
               +--------+--------+--------+--------+--------+-----+--------+
         Total |   1038 |    995 |     43 |     22 |    718 |   4 |  259.5 |
       Dungeon |   1038 |    995 |     43 |     22 |    718 |   4 |  259.5 |
               +--------+--------+--------+--------+--------+-----+--------+

Top non-repeatable levels by time:
     D:3: 479 daAuts
     D:1: 262 daAuts
     D:2: 157 daAuts
     D:4: 138 daAuts
